 Dungeon Crawl Stone Soup version 0.20.1-1-g8b1a95d (webtiles) character file.

98 vatarom the Insei (level 4, 35/37 HPs)
             Began as a Draconian Transmuter on Sept 20, 2017.
             Was a Follower of Vehumet.
             Quit the game on level 3 of the Dungeon.
             The game lasted 00:07:33 (2237 turns).

vatarom the Insei (Draconian Transmuter)            Turns: 2237, Time: 00:07:34

Health: 35/37      AC:  7    Str: 10 (12) XL:     4   Next: 44%
Magic:  7/7        EV: 12    Int: 11 (13) God:    Vehumet [*.....]
Gold:   123        SH:  0    Dex: 12 (13) Spells: 1/7 levels left

rFire    . . .     SeeInvis .   e - +2 short sword (venom)
rCold    . . .     Gourm    .   (no shield)
rNeg     . . .     Faith    .   (armour unavailable)
rPois    .         Spirit   .   (helmet restricted)
rElec    .         Reflect  .   (no cloak)
rCorr    .         Harm     .   l - +0 pair of gloves
MR       .....                  o - +0 pair of boots
Stlth    +.........             (no amulet)
Regen    0.2/turn               (no ring)
MPRegen  0.1/turn               (no ring)

@: no status effects
A: unfitting armour, cold-blooded, AC +5
a: Renounce Religion


You were on level 3 of the Dungeon.
You worshipped Vehumet.
Vehumet was aware of your devotion.
You were not hungry.

You visited 1 branch of the dungeon, and saw 3 of its levels.

You collected 123 gold pieces.

Inventory:

Hand Weapons
 e - a +2 short sword of venom (weapon)
Missiles
 a - 10 arrows
Armour
 l - a +0 pair of gloves (worn)
 o - a +0 pair of boots (worn)
Scrolls
 d - 6 scrolls of identify
 f - 6 scrolls of remove curse
Potions
 i - a potion of berserk rage {unknown}
 j - 2 potions of heal wounds {unknown}
 k - a potion of magic {unknown}
 m - a potion of mutation {unknown}
 n - a potion of curing {unknown}
Books
 b - a book of Changes

   Spells                             Type                      Level
   a - Beastly Appendage              Transmutation                1
   b - Sticks to Snakes               Transmutation                2
   c - Spider Form                    Transmutation/Poison         3
   d - Ice Form                       Ice/Transmutation            4
   e - Blade Hands                    Transmutation                5
Comestibles
 c - 2 bread rations
 g - 3 meat rations
 h - 3 chunks of flesh
 p - a royal jelly


   Skills:
 + Level 2.5 Fighting
 - Level 2.3 Dodging
 * Level 3.9 Unarmed Combat
 - Level 2.0 Spellcasting
 + Level 2.8 Transmutations


You had one spell level left.
You knew the following spells:

 Your Spells              Type           Power        Failure   Level  Hunger
a - Beastly Appendage     Tmut           #.....       10%         1    ##.....
b - Sticks to Snakes      Tmut           #.......     14%         2    ###....
c - Spider Form           Tmut/Pois      #.........   45%         3    ####...


Dungeon Overview and Level Annotations

Branches:
Dungeon (3/15)

Altars:
Vehumet


Innate Abilities, Weirdness & Mutations

Your plain brown scales are hard. (AC +5)
You cannot fit into any form of body armour.
You are cold-blooded and may be slowed by cold attacks.


Message History

The ooze is moderately wounded.
The ooze barely misses you.
You hit the ooze.
The ooze is heavily wounded.
The ooze closely misses you.
You hit the ooze but do no damage.
The ooze is heavily wounded.
The ooze barely misses you. The ooze hits you.
You hit the ooze.
You kill the ooze!
No target in view!
There is a faded altar of an unknown god here.
You cannot tell which god this altar belongs to.
Convert to them anyway?
Okay, then.
You cannot tell which god this altar belongs to.
Convert to them anyway?
Vehumet accepts your prayer! Vehumet welcomes you!
You can now gain magical power from killing.
Vehumet offers you knowledge of Sting.
Are you sure you want to abandon this character and quit the game? (Confirm with "yes".)

...........# #.# #.
P....####..# #.# #.
##...#..#.## ..# #.
.#...#..#.# ### #.
.#..###'#.# .
##()#...#.# #######
....#...#.# #.....#
....)...#.## #..#..#
##..###'#..###.#@#.##
.#...#..#..##...#...###.
.'.8.#).#..##...........
.#...####.....#...######
'##.....P.#.####.##
).#.......... #.#
..#..####.#.........J...
)##..# #.#.....$.......
..#..+ #.######..######


There were no monsters in sight!

Vanquished Creatures
  2 adders
  An ooze (D:3)
  A worm (D:2)
  2 leopard geckos (D:3)
  4 orcs (D:3)
  9 goblins
  7 hobgoblins
  10 jackals (D:1)
  A quokka (D:3)
  3 bats
  5 frilled lizards
  8 kobolds
  5 rats
58 creatures vanquished.

Vanquished Creatures (collateral kills)
  An adder (D:2)
1 creature vanquished.

Grand Total: 59 creatures vanquished

Notes
Turn   | Place    | Note
-------+----------+-------------------------------------------
     0 | D:1      | vatarom the Draconian Transmuter began the quest for the Orb.
     0 | D:1      | Reached XP level 1. HP: 16/16 MP: 3/3
   139 | D:1      | Reached XP level 2. HP: 22/24 MP: 3/5
   759 | D:1      | Reached XP level 3. HP: 24/29 MP: 6/6
  1204 | D:2      | Learned a level 2 spell: Sticks to Snakes
  1888 | D:3      | Reached XP level 4. HP: 30/36 MP: 7/7
  1973 | D:3      | Learned a level 3 spell: Spider Form
  2211 | D:3      | Found a faded altar of an unknown god.
  2236 | D:3      | Became a worshipper of Vehumet
  2236 | D:3      | Reached * piety under Vehumet
  2236 | D:3      | Offered knowledge of Sting by Vehumet.
  2237 | D:3      | Quit the game

Skill      XL: |  1  2  3 |
---------------+----------+-----
Dodging        | 2 |  2.3
Fighting       | 2 |  2.5
Unarmed Combat | |  3.9
Spellcasting   | |  2.0
Transmutations | |  2.8

Action                   |  1- 3 |  4- 6 || total
-------------------------+-------+-------++-------
Melee: Unarmed           |   171 |       ||   171
       Tailslap          |    12 |     1 ||    13
       Headbutt          |     3 |       ||     3
       Kick              |     2 |       ||     2
       Punch             |     1 |       ||     1
       Short sword       |       |    29 ||    29
 Cast: Beastly Appendage |     8 |       ||     8
       Sticks to Snakes  |     2 |       ||     2
  Use: Scroll            |     4 |       ||     4
       Potion            |     1 |       ||     1
 Stab: Sleeping          |     1 |       ||     1
  Eat: Chunk             |     4 |     1 ||     5
Armor: Skin              |    55 |     6 ||    61
Dodge: Dodged            |   105 |    17 ||   122
